 Dungeon Crawl Stone Soup version 0.29-a0-275-g389c0b56f3 (webtiles) character file.

Game seed: 18213373559102446464

2450 epen the Slasher (level 9, -4/74 HPs)
             Began as a Gnoll Cinder Acolyte on Mar 10, 2022.
             Was a Follower of Ignis.
             Slain by a red ugly thing (13 damage)
             ... on level 7 of the Dungeon.
             The game lasted 00:14:44 (7094 turns).

epen the Slasher (Gnoll Cinder Acolyte)             Turns: 7094, Time: 00:14:44

Health: -4/74      AC:  4    Str: 17    XL:     9   Next: 49%
Magic:  0/16       EV: 12    Int: 13    God:    Ignis [*.....]
Gold:   471        SH:  0    Dex:  9    Spells: 16/18 levels left

rFire   + . .      SeeInvis +   p - +3 trident (freeze)
rCold   . . .      Faith    .   (no shield)
rNeg    . . .      Spirit   +   l - +0 troll leather armour
rPois   +          Reflect  .   (no helmet)
rElec   .          Harm     .   (no cloak)
rCorr   .          Rampage  .   (no gloves)
Will    .....                   (no boots)
Stlth   ++........              m - amulet of guardian spirit
HPRegen 1.02/turn               i - ring of see invisible
MPRegen 0.15/turn               q - ring of poison resistance

@: no status effects
A: fangs 1, strong nose, distributed training
a: Renounce Religion, Fiery Armour, Foxfire Swarm, Rising Flame


You were on level 7 of the Dungeon.
You worshipped Ignis.
Ignis was aware of your devotion.
You visited 1 branch of the dungeon, and saw 7 of its levels.

You collected 471 gold pieces.

Inventory:

Hand Weapons
 a - a -1 falchion of flaming
 d - the +3 woodcutter's axe {vorpal}
   (You found it on level 1 of the Dungeon)

   It inflicts extra damage upon your enemies.
 p - a +3 trident of freezing (weapon)
Armour
 b - a +0 robe
 c - a +0 ring mail
 l - a +0 troll leather armour (worn)
Jewellery
 i - a ring of see invisible (left hand)
 m - an amulet of guardian spirit (around neck)
 q - a ring of poison resistance (right hand)
 r - an amulet of magic regeneration
Wands
 x - a wand of flame (18)
Scrolls
 f - 3 scrolls of magic mapping
 j - 2 scrolls of teleportation
 k - a scroll of blinking
 n - a scroll of fog
 s - a scroll of summoning
 y - a scroll of enchant weapon
Potions
 e - 4 potions of curing
 g - a potion of haste
 h - a potion of might {unknown}
 o - a potion of attraction
 t - 3 potions of lignification
 u - a potion of heal wounds
 v - a potion of ambrosia
 w - a potion of mutation


   Skills:
 + Level 7.9 Fighting
 + Level 4.3 Short Blades
 + Level 7.9 Long Blades
 + Level 4.3 Axes
 + Level 4.3 Maces & Flails
 + Level 4.3 Polearms
 + Level 4.3 Staves
 + Level 4.3 Slings
 + Level 4.3 Bows
 + Level 4.3 Crossbows
 + Level 4.3 Throwing
 + Level 4.3 Armour
 + Level 4.3 Dodging
 + Level 4.3 Stealth
 + Level 4.3 Shields
 + Level 4.3 Unarmed Combat
 + Level 5.2 Spellcasting
 + Level 3.5 Conjurations
 + Level 3.5 Hexes
 + Level 3.5 Summonings
 + Level 3.5 Necromancy
 + Level 3.5 Translocations
 + Level 3.5 Transmutations
 + Level 6.6 Fire Magic
 + Level 3.5 Ice Magic
 + Level 3.5 Air Magic
 + Level 3.5 Earth Magic
 + Level 3.5 Poison Magic
 + Level 4.7 Invocations
 + Level 4.3 Evocations


You had 16 spell levels left.
You knew the following spells:

 Your Spells              Type           Power      Damage    Failure   Level
a - Scorch                Fire           40%        2d7       2%          2

Your spell library contained the following spells:

 Spells                   Type           Power      Damage    Failure   Level
 Animate Skeleton         Necr           24%        N/A       4%          1
 Apportation              Tloc           24%        N/A       4%          1
 Beastly Appendage        Tmut           24%        N/A       4%          1
 Pain                     Necr           48%        1d6       4%          1
 Wereblood                Tmut           12%        N/A       8%          2
 Spider Form              Tmut/Pois      12%        N/A       16%         3
 Vampiric Draining        Necr           12%        2d6       16%         3
 Summon Lightning Spire   Summ/Air       12%        N/A       45%         4
 Alistair's Intoxication  Tmut/Pois      8%         N/A       80%         5
 Storm Form               Tmut/Air       6%         N/A       100%        7
 Maxwell's Capacitive Co  Air            6%         ∞         100%        8


Dungeon Overview and Level Annotations

Branches:
Dungeon (7/15)             Temple (0/1) D:4

Altars:
Ashenzari
Dithmenos
Sif Muna
Uskayaw
The Shining One

Shops:
D:5 (

Annotations:
D:3 1 runed translucent door, starts1789's ghost, amateur MiGl


Innate Abilities, Weirdness & Mutations

You have very sharp teeth.
Your uncanny sense of smell can sniff out nearby items.
Your experience applies equally to all skills.


Message History

The foxfire hits the red ugly thing.
The red ugly thing resists.
The red ugly thing is severely wounded.
The foxfire hits the red ugly thing.
The red ugly thing resists.
The red ugly thing is severely wounded.
The foxfire hits the red ugly thing.
The red ugly thing resists.
The red ugly thing is severely wounded.
The foxfire hits the red ugly thing.
The red ugly thing resists.
The red ugly thing is severely wounded.
The foxfire hits the red ugly thing.
The red ugly thing completely resists.
The red ugly thing is severely wounded.
The foxfire hits the red ugly thing but does no damage.
The red ugly thing is severely wounded.
The foxfire hits the red ugly thing.
The red ugly thing completely resists.
The red ugly thing is severely wounded.
The foxfire hits the red ugly thing but does no damage.
The red ugly thing is severely wounded.
The red ugly thing gores you!
You are engulfed in flames!
You resist.
The foxfire hits the red ugly thing but does no damage.
The red ugly thing is severely wounded.
The foxfire hits the red ugly thing.
The red ugly thing resists.
The red ugly thing is severely wounded.
The foxfire hits the red ugly thing but does no damage.
The red ugly thing is severely wounded.
You hit the red ugly thing. You freeze the red ugly thing.
The red ugly thing is almost dead.
The foxfire hits the red ugly thing.
The red ugly thing completely resists.
The red ugly thing is almost dead.
The foxfire hits the red ugly thing.
The red ugly thing resists.
The red ugly thing is almost dead.
The red ugly thing gores you!
* * * LOW HITPOINT WARNING * * *
You are engulfed in flames!
You resist.
* * * LOW HITPOINT WARNING * * *
Activating: Foxfire Swarm
Press: ? - help, Dir - look around, f - activate Flames leap up around you!
The red ugly thing closely misses you.
Your foxfire dissipates!
The red ugly thing attacks as you move away!
The red ugly thing gores you!
You die...

#.# #.# #.# *#.#** #.###.#
,...,* ##########....##
∆...,*****###.......##.#.##
....,,,,,,,.......?.##.#.#
.....****####..........#.#
,,,,,,,,,.....vvvvv.####.#
*,,********,#.vvvvv.####.#
*,,* *,#.v.@uv......# ,,,*
*,#.vvvvv.###### ****
*#..v###### ####*


You could see a red ugly thing (ally target).

Vanquished Creatures
  Pikel (D:6)
  Grinder (D:3)
  A wyvern (D:7)
  An orc warrior (D:6)
  A phantom (D:6)
  2 necrophages
  2 kobold brigands
  2 scorpions
  A bullfrog (D:6)
  3 wights (D:4)
  2 howler monkeys (D:5)
  3 jellies
  7 hounds
  2 orc priests
  2 iguanas
  3 orc wizards
  7 adders
  6 gnolls (D:4)
  A shadow imp (D:5)
  2 white imps
  3 worms
  2 dart slugs
  19 orcs
  7 ball pythons
  9 endoplasms
  4 giant cockroaches
  32 goblins
  35 hobgoblins
  4 jackals (D:1)
  22 kobolds
  7 quokkas
  7 bats
  7 frilled lizards
  7 rats
215 creatures vanquished.

Vanquished Creatures (others)
  86 foxfires
  2 withered plants (D:3)
88 creatures vanquished.

Grand Total: 303 creatures vanquished

Notes
Turn   | Place    | Note
-------+----------+-------------------------------------------
     0 | D:1      | epen the Gnoll Cinder Acolyte began the quest for the Orb.
     0 | D:1      | Reached XP level 1. HP: 23/23 MP: 4/4
   168 | D:1      | Reached XP level 2. HP: 28/29 MP: 5/5
   455 | D:1      | Reached XP level 3. HP: 28/35 MP: 7/7
   746 | D:1      | Learned a level 2 spell: Scorch
  1002 | D:1      | Found the +3 woodcutter's axe {vorpal}
  1329 | D:1      | Reached skill level 1 in Invocations
  1353 | D:1      | Found a faded altar of an unknown god.
  1667 | D:2      | Reached skill level 1 in Short Blades
  1667 | D:2      | Reached skill level 1 in Axes
  1667 | D:2      | Reached skill level 1 in Maces & Flails
  1667 | D:2      | Reached skill level 1 in Polearms
  1667 | D:2      | Reached skill level 1 in Staves
  1667 | D:2      | Reached skill level 1 in Slings
  1667 | D:2      | Reached skill level 1 in Bows
  1667 | D:2      | Reached skill level 1 in Crossbows
  1667 | D:2      | Reached skill level 1 in Throwing
  1667 | D:2      | Reached skill level 1 in Armour
  1667 | D:2      | Reached skill level 1 in Dodging
  1667 | D:2      | Reached skill level 1 in Stealth
  1667 | D:2      | Reached skill level 1 in Shields
  1667 | D:2      | Reached skill level 1 in Unarmed Combat
  1667 | D:2      | Reached skill level 1 in Evocations
  1667 | D:2      | Reached XP level 4. HP: 15/41 MP: 8/8
  1904 | D:2      | You fall into a shaft and drop 2 floors!
  1956 | D:4      | Found a staircase to the Ecumenical Temple.
  1967 | D:4      | Found a hide-covered altar of Uskayaw.
  2357 | D:3      | Noticed a scorpion
  2360 | D:3      | Reached skill level 1 in Conjurations
  2360 | D:3      | Reached skill level 1 in Hexes
  2360 | D:3      | Reached skill level 1 in Summonings
  2360 | D:3      | Reached skill level 1 in Necromancy
  2360 | D:3      | Reached skill level 1 in Translocations
  2360 | D:3      | Reached skill level 1 in Transmutations
  2360 | D:3      | Reached skill level 1 in Ice Magic
  2360 | D:3      | Reached skill level 1 in Air Magic
  2360 | D:3      | Reached skill level 1 in Earth Magic
  2360 | D:3      | Reached skill level 1 in Poison Magic
  2366 | D:3      | Killed a scorpion
  2367 | D:3      | Reached XP level 5. HP: 27/47 MP: 9/9
  2544 | D:3      | Noticed Grinder
  2554 | D:3      | Paralysed by Grinder for 2 turns
  2560 | D:3      | Killed Grinder
  2561 | D:3      | Reached XP level 6. HP: 26/53 MP: 9/11
  2644 | D:3      | Found a runed translucent door.
  2644 | D:3      | Noticed starts1789's ghost (amateur MiGl)
  3655 | D:4      | Reached XP level 7. HP: 27/58 MP: 12/12
  4495 | D:5      | Entered Level 5 of the Dungeon
  4519 | D:5      | Found Uqamiykh's Antique Weapon Shop.
  4541 | D:5      | Reached XP level 8. HP: 27/67 MP: 14/14
  5044 | D:5      | Found a broken altar of Ashenzari.
  5475 | D:6      | Found a glowing golden altar of the Shining One.
  5508 | D:6      | Noticed Pikel
  5523 | D:6      | Killed Pikel
  5524 | D:6      | Reached XP level 9. HP: 71/73 MP: 14/16
  5887 | D:6      | Reached skill level 5 in Spellcasting
  6210 | D:6      | Found a shadowy altar of Dithmenos.
  6216 | D:6      | Found a shimmering blue altar of Sif Muna.
  7055 | D:7      | Noticed a red ugly thing
  7094 | D:7      | Slain by a red ugly thing

Illustrated notes

Levels and vault maps discovered:
D:1:      sevenhm_arrival_forest_fort_small_5, layout_basic,
          basic_ecumenical_altar, dk_noncrumbling_2, minivault_26
D:2:      layout_loops_ring, minmay_pentomino_s4
D:3:      layout_loops_ring, gammafunk_ghost_grave, minmay_distorted,
          uniq_grinder
D:4:      minmay_goblin_kobold_castle, layout_loops_cross,
          mainiacjoe_overflow_tiny_flanked, minmay_temple_entry_enclosed_plants,
          ebering_dispersal_statue_hall, minmay_misc_feat_secret_circle,
          cheibrodos_gnoll_hut
D:5:      layout_loops_ring, mainiacjoe_overflow_concentric_impassable,
          serial_shops, nicolae_shop_stone
D:6:      layout_loops_corners, tso_altar, mainiacjoe_overflow_big_doors,
          uniq_pikel
D:7:      layout_loops_ring, uniq_prince_ribbit1

Skill      XL: |  1  2  3  4  5  6  7  8  9 |
---------------+----------------------------+-----
Invocations    | 1 2 3 4 |  4.7
Short Blades   | 1 2 3 4 |  4.3
Axes           | 1 2 3 4 |  4.3
Maces & Flails | 1 2 3 4 |  4.3
Polearms       | 1 2 3 4 |  4.3
Staves         | 1 2 3 4 |  4.3
Slings         | 1 2 3 4 |  4.3
Bows           | 1 2 3 4 |  4.3
Crossbows      | 1 2 3 4 |  4.3
Throwing       | 1 2 3 4 |  4.3
Armour         | 1 2 3 4 |  4.3
Dodging        | 1 2 3 4 |  4.3
Stealth        | 1 2 3 4 |  4.3
Shields        | 1 2 3 4 |  4.3
Unarmed Combat | 1 2 3 4 |  4.3
Evocations     | 1 2 3 4 |  4.3
Spellcasting   | 3 4 5 |  5.2
Conjurations   | 1 2 3 |  3.5
Hexes          | 1 2 3 |  3.5
Summonings     | 1 2 3 |  3.5
Necromancy     | 1 2 3 |  3.5
Translocations | 1 2 3 |  3.5
Transmutations | 1 2 3 |  3.5
Ice Magic      | 1 2 3 |  3.5
Air Magic      | 1 2 3 |  3.5
Earth Magic    | 1 2 3 |  3.5
Poison Magic   | 1 2 3 |  3.5
Fighting       | 7 |  7.9
Long Blades    | 7 |  7.9
Fire Magic     | 6 |  6.6

Action                   |  1- 3 |  4- 6 |  7- 9 || total
-------------------------+-------+-------+-------++-------
Melee: Falchion          |    88 |       |       ||    88
       Bite              |    10 |    12 |    21 ||    43
       Punch             |     1 |       |     3 ||     4
       Battleaxe         |    40 |   167 |    47 ||   254
       Trident           |       |       |   256 ||   256
Invok: Foxfire Swarm     |       |       |     6 ||     6
       Fiery Armour      |       |       |     3 ||     3
  Use: Scroll            |       |       |    19 ||    19
 Stab: Sleeping          |       |     1 |     8 ||     9
       Distracted        |       |       |     1 ||     1
Armor: Ring mail         |    41 |     5 |       ||    46
       Troll leather arm |       |    52 |    59 ||   111
Dodge: Dodged            |    56 |   100 |   164 ||   320

Table legend: (Time is in decaauts)
 A = Elapsed time spent in this place.
 B = Non-inter-level travel time spent in this place.
 C = Inter-level travel time spent in this place.
 D = Time resting spent in this place.
 E = Time spent auto-exploring this place.
 F = Levels seen in this place.
 G = Mean time per level.
                   A        B        C        D        E       F      G
               +--------+--------+--------+--------+--------+-----+--------+
         Total |   7140 |   6899 |    241 |    211 |   5283 |   7 | 1020.0 |
       Dungeon |   7140 |   6899 |    241 |    211 |   5283 |   7 | 1020.0 |
               +--------+--------+--------+--------+--------+-----+--------+

Top non-repeatable levels by time:
     D:1: 1546 daAuts
     D:6: 1323 daAuts
     D:4: 1318 daAuts
     D:2: 893 daAuts
     D:5: 852 daAuts
     D:3: 759 daAuts
     D:7: 447 daAuts
